 Dungeon Crawl Stone Soup version 0.29-a0-284-gf9362112df (webtiles) character file.

Game seed: 16328078956768117067

216 enile the Poker (level 5, 0/43 HPs)
             Began as a Gnoll Wanderer on Mar 14, 2022.
             Killed by nerve-wracking pain
             ... invoked by Grinder
              (6 damage)
             ... on level 3 of the Dungeon.
             The game lasted 00:05:56 (3383 turns).

enile the Poker (Gnoll Wanderer)                    Turns: 3383, Time: 00:05:57

Health: 0/43       AC: 12    Str: 12 (13) XL:     5   Next: 93%
Magic:  7/7        EV:  3    Int: 15 (16) God:
Gold:   74         SH:  7    Dex: 11 (13) Spells: 7/7 levels left

rFire   . . .      SeeInvis .   a - +0 trident
rCold   . . .      Faith    .   u - +0 kite shield
rNeg    . . .      Spirit   .   f - +0 plate armour
rPois   .          Reflect  .   (no helmet)
rElec   .          Harm     .   (no cloak)
rCorr   .          Rampage  .   c - +0 pair of gloves
Will    .....                   (no boots)
Stlth   ..........              (no amulet)
HPRegen 0.14/turn               k - +6 ring of intelligence
MPRegen 0.10/turn               j - ring of wizardry

@: no status effects
A: fangs 1, strong nose, distributed training, MP-powered wands, sturdy frame 1
a: no special abilities


You were on level 3 of the Dungeon.
You visited 1 branch of the dungeon, and saw 4 of its levels.

You collected 98 gold pieces.
You spent 24 gold pieces at shops.

Inventory:

Hand Weapons
 a - a +0 trident (weapon)
 b - a +0 hand axe
Armour
 c - a +0 pair of gloves (worn)
 e - a +0 robe
 f - a +0 plate armour (worn)
 u - a +0 kite shield (worn)
Jewellery
 j - a ring of wizardry (right hand)
 k - a +6 ring of intelligence (left hand)
Scrolls
 h - 3 scrolls of amnesia
 i - a scroll of immolation
 r - 3 scrolls of identify
Potions
 l - 2 potions of degeneration


   Skills:
 + Level 4.9 Fighting
 + Level 1.7 Short Blades
 + Level 1.7 Long Blades
 + Level 4.9 Axes
 + Level 1.7 Maces & Flails
 + Level 6.7 Polearms
 + Level 1.7 Staves
 + Level 1.7 Slings
 + Level 1.7 Bows
 + Level 1.7 Crossbows
 + Level 1.7 Throwing
 + Level 3.1 Armour
 + Level 1.7 Dodging
 + Level 4.5 Stealth
 + Level 1.7 Shields
 + Level 1.7 Unarmed Combat
 + Level 1.7 Spellcasting
 + Level 1.3 Conjurations
 + Level 1.3 Hexes
 + Level 1.3 Summonings
 + Level 1.3 Necromancy
 + Level 1.3 Translocations
 + Level 1.3 Transmutations
 + Level 1.3 Fire Magic
 + Level 1.3 Ice Magic
 + Level 1.3 Air Magic
 + Level 1.3 Earth Magic
 + Level 1.3 Poison Magic
 + Level 1.9 Invocations
 + Level 1.7 Evocations


You had 7 spell levels left.
You didn't know any spells.
Your spell library contained the following spells:

 Spells                   Type           Power      Damage    Failure   Level
 Frozen Ramparts          Ice            10%        1d3       100%        3
 Ice Form                 Ice/Tmut       5%         N/A       100%        4
 Summon Ice Beast         Ice/Summ       5%         N/A       100%        4


Dungeon Overview and Level Annotations

Branches:
Dungeon (4/15)
 Temple: D:4-7

Altars:
Dithmenos
Trog

Shops:
D:1 *

Annotations:
D:3 Grinder
D:4 Eustachio


Innate Abilities, Weirdness & Mutations

You have very sharp teeth.
Your uncanny sense of smell can sniff out nearby items.
Your experience applies equally to all skills.
You expend magic power (3 MP) to strengthen your wands.
Your movements are slightly less encumbered by armour. (ER -2)


Message History

Grinder is severely wounded.
Grinder says, "Tell me all your secrets, or I'll kill you."
Grinder blinks!
Grinder says, "What is the universe for?"
Grinder blinks!
Reach: a) +0 trident
Press: ? - help, Dir - move target, f/p - Grinder
Aim: Grinder (severely wounded, about 43% to evade your +0 trident)
You reach to attack!
You closely miss Grinder.
Grinder is severely wounded.
Grinder attacks as you move away! Grinder hits you but does no damage.
Grinder says, "You look like you could use a good racking."
Grinder gestures at you. You resist with significant effort.
Reach: a) +0 trident
Press: ? - help, Dir - move target, f/p - Grinder
Aim: Grinder (severely wounded, about 43% to evade your +0 trident)
You reach to attack!
You hit Grinder but do no damage.
Grinder is severely wounded.
You barely miss Grinder.
Grinder is severely wounded.
Grinder gestures at you. You resist with significant effort.
Grinder hits you but does no damage.
You barely miss Grinder.
Grinder is severely wounded.
Grinder hits you.
* * * LOW HITPOINT WARNING * * *
Sorry, you're not good enough to have a special ability.
Grinder hits you but does no damage. Grinder attacks as you move away!
You block Grinder's attack. Grinder gestures at you.
You suddenly lose the ability to move!
Grinder barely misses you. Grinder gestures at you.
You resist with significant effort.
You can move again.
Grinder attacks as you move away! You block Grinder's attack.
Grinder gestures at you. Pain shoots through your body!
You die...

####### ##.....## .
##.......## .. #..$......#
..# ... #.........###..#
.....#.......5.@....#
.....#(.........############
...............## #........#
.......<(......# #........#
....)..........####........#
...........................#
.....#.........####.....>..#
.....#.........# #.......>#
....#.<.......## #........#


You could see Grinder.

Vanquished Creatures
  A scorpion (D:4)
  An iguana (D:4)
  3 gnolls (D:2)
  4 adders
  A worm (D:2)
  2 dart slugs
  An orc (D:4)
  5 ball pythons
  2 bats (D:1)
  8 endoplasms
  3 giant cockroaches
  7 goblins
  9 hobgoblins
  2 jackals (D:1)
  4 kobolds
  A quokka (D:4)
  3 frilled lizards
  4 rats
61 creatures vanquished.

Notes
Turn   | Place    | Note
-------+----------+-------------------------------------------
     0 | D:1      | enile the Gnoll Wanderer began the quest for the Orb.
     0 | D:1      | enile set off with the following items: a +0 trident, a +0
                  | hand axe, a +0 pair of gloves, a scroll of blinking, a +0
                  | robe
     0 | D:1      | Reached XP level 1. HP: 20/20 MP: 1/1
    92 | D:1      | Reached XP level 2. HP: 26/26 MP: 2/2
   484 | D:1      | Reached XP level 3. HP: 28/31 MP: 3/3
   746 | D:1      | Found Pyll's General Store.
   806 | D:1      | Bought a scroll of identify for 24 gold pieces
  1153 | D:2      | Reached skill level 1 in Invocations
  1179 | D:2      | Reached skill level 1 in Short Blades
  1179 | D:2      | Reached skill level 1 in Long Blades
  1179 | D:2      | Reached skill level 1 in Maces & Flails
  1179 | D:2      | Reached skill level 1 in Staves
  1179 | D:2      | Reached skill level 1 in Slings
  1179 | D:2      | Reached skill level 1 in Bows
  1179 | D:2      | Reached skill level 1 in Crossbows
  1179 | D:2      | Reached skill level 1 in Throwing
  1179 | D:2      | Reached skill level 1 in Dodging
  1179 | D:2      | Reached skill level 1 in Shields
  1179 | D:2      | Reached skill level 1 in Unarmed Combat
  1179 | D:2      | Reached skill level 1 in Spellcasting
  1179 | D:2      | Reached skill level 1 in Evocations
  1255 | D:2      | Reached XP level 4. HP: 38/38 MP: 5/5
  1384 | D:2      | Reached skill level 1 in Conjurations
  1384 | D:2      | Reached skill level 1 in Hexes
  1384 | D:2      | Reached skill level 1 in Summonings
  1384 | D:2      | Reached skill level 1 in Necromancy
  1384 | D:2      | Reached skill level 1 in Translocations
  1384 | D:2      | Reached skill level 1 in Transmutations
  1384 | D:2      | Reached skill level 1 in Fire Magic
  1384 | D:2      | Reached skill level 1 in Ice Magic
  1384 | D:2      | Reached skill level 1 in Air Magic
  1384 | D:2      | Reached skill level 1 in Earth Magic
  1384 | D:2      | Reached skill level 1 in Poison Magic
  1817 | D:3      | Noticed Grinder
  1817 | D:3      | You fall into a shaft and drop 1 floor!
  1930 | D:4      | Noticed a scorpion
  1943 | D:4      | Killed a scorpion
  1944 | D:4      | Reached XP level 5. HP: 43/43 MP: 5/7
  2105 | D:4      | Found a bloodstained altar of Trog.
  2106 | D:4      | Found a shadowy altar of Dithmenos.
  2582 | D:4      | Noticed Eustachio
  2596 | D:4      | Gained mutation: Your movements are slightly less
                  | encumbered by armour. (ER -2) [potion of mutation]
  2596 | D:4      | Gained mutation: You expend magic power (3 MP) to
                  | strengthen your wands. [potion of mutation]
  3333 | D:3      | Paralysed by Grinder for 5 turns
  3341 | D:3      | Paralysed by Grinder for 4 turns
  3379 | D:3      | Paralysed by Grinder for 4 turns
  3383 | D:3      | Killed from afar by Grinder

Illustrated notes

Levels and vault maps discovered:
D:1:      dpeg_arrival_water_temple_mockup, layout_basic, serial_shops, shop,
          interstate_on_off
D:2:      layout_rooms
D:3:      layout_rooms, nicolae_ecumenical_lake_church, uniq_grinder
D:4:      layout_loops_ring, gammafunk_temple_overflow_statue,
          nicolae_underground_beach, uniq_eustachio

Skill      XL: |  1  2  3  4 |
---------------+-------------+-----
Invocations    | 1 |  1.9
Short Blades   | 1 |  1.7
Long Blades    | 1 |  1.7
Maces & Flails | 1 |  1.7
Staves         | 1 |  1.7
Slings         | 1 |  1.7
Bows           | 1 |  1.7
Crossbows      | 1 |  1.7
Throwing       | 1 |  1.7
Dodging        | 1 |  1.7
Shields        | 1 |  1.7
Unarmed Combat | 1 |  1.7
Spellcasting   | 1 |  1.7
Evocations     | 1 |  1.7
Conjurations   | 1 |  1.3
Hexes          | 1 |  1.3
Summonings     | 1 |  1.3
Necromancy     | 1 |  1.3
Translocations | 1 |  1.3
Transmutations | 1 |  1.3
Fire Magic     | 1 |  1.3
Ice Magic      | 1 |  1.3
Air Magic      | 1 |  1.3
Earth Magic    | 1 |  1.3
Poison Magic   | 1 |  1.3
Armour         | 3 |  3.1
Fighting       | |  4.9
Axes           | |  4.9
Polearms       | |  6.7
Stealth        | |  4.5

Action                   |  1- 3 |  4- 6 || total
-------------------------+-------+-------++-------
Melee: Trident           |   100 |   157 ||   257
       Bite              |     9 |    14 ||    23
       Punch             |     1 |       ||     1
Throw: Dart              |       |    20 ||    20
  Use: Scroll            |     1 |     5 ||     6
       Potion            |       |     6 ||     6
 Stab: Sleeping          |     2 |       ||     2
       Invisible         |       |     1 ||     1
Armor: Robe              |     4 |       ||     4
       Plate armour      |    38 |   115 ||   153
Dodge: Dodged            |    11 |    31 ||    42
Block: Kite shield       |       |    36 ||    36

Table legend: (Time is in decaauts)
 A = Elapsed time spent in this place.
 B = Non-inter-level travel time spent in this place.
 C = Inter-level travel time spent in this place.
 D = Time resting spent in this place.
 E = Time spent auto-exploring this place.
 F = Levels seen in this place.
 G = Mean time per level.
                   A        B        C        D        E       F      G
               +--------+--------+--------+--------+--------+-----+--------+
         Total |   3391 |   3331 |     60 |    494 |   2207 |   4 |  847.8 |
       Dungeon |   3391 |   3331 |     60 |    494 |   2207 |   4 |  847.8 |
               +--------+--------+--------+--------+--------+-----+--------+

Top non-repeatable levels by time:
     D:4: 1203 daAuts
     D:1: 1058 daAuts
     D:2: 753 daAuts
     D:3: 375 daAuts
